 Dungeon Crawl Stone Soup version 0.18-a0-1745-gffa9a88 (webtiles) character file.

11073 Chiseanne the Destroyer (level 11, 0/68 HPs)
             Began as a Demonspawn Wizard on Apr 11, 2016.
             Was an Initiate of Gozag.
             Killed from afar by an orc wizard (7 damage)
             ... with a magic dart
             ... on level 11 of the Dungeon.
             The game lasted 00:44:19 (13818 turns).

Chiseanne the Destroyer (Demonspawn Wizard)        Turns: 13818, Time: 00:44:19

Health: 0/68       AC: 14    Str:  8    XL:     11   Next: 44%
Magic:  7/25       EV: 14    Int: 28    God:    Gozag
Gold:   633        SH:  0    Dex: 12    Spells: 8 memorised, 6 levels left

rFire  + + +     SeeInvis .     s - +1 quarterstaff of Truth {crush, rN++ Int+4}
rCold  + + .     Gourm    .     D - +2 robe {rC+ rF+}
rNeg   + + .     Faith    .     (shield currently unavailable)
rPois  .         Spirit   .     k - +0 helmet
rElec  .         Dismiss  .     T - +0 cloak
rCorr  .         Reflect  .     R - +1 pair of gloves
SustAt .         Harm     .     l - +0 pair of boots
MR     +....                    (no amulet)
Stlth  ++........               V - ring of Jibary Focey {Wiz rF+ Int+2}
                                p - ring of protection from magic

@: somewhat resistant to hostile enchantments, unstealthy
A: molten scales 3, cold resistance 1, spiny 2
a: Potion Petition, Call Merchant, Bribe Branch, Renounce Religion


You were on level 11 of the Dungeon.
You worshipped Gozag.
Gozag was noncommittal.
You were not hungry.

You visited 2 branches of the dungeon, and saw 12 of its levels.
You also visited: Sewer and Ossuary.

You collected 2325 gold pieces.
You spent 1129 gold pieces at shops.
You paid 563 gold pieces to Gozag.

Inventory:

Hand Weapons
 d - a +2 dagger of speed
 f - a +1 dagger of venom
 g - a +1 scimitar of flaming
 s - the +1 quarterstaff of Truth (weapon) {crush, rN++ Int+4}
   (You found it on level 6 of the Dungeon)

   It inflicts extra damage upon your enemies.
   It affects your intelligence (+4).
   It greatly protects you from negative energy.
 w - a +0 blowgun
Missiles
 h - 214 arrows
 i - 11 sling bullets of flame
 m - 12 tomahawks (quivered)
 x - 3 poisoned needles
 y - 38 bolts
 K - 2 throwing nets
 N - 19 arrows of frost
 Q - 46 sling bullets
Armour
 k - a +0 helmet (worn)
 l - a +0 pair of boots (worn)
 D - a +2 robe of resistance (worn)
 R - a +1 pair of gloves (worn)
 T - a +0 cloak (worn)
 W - a cursed +0 buckler
Magical Staves
 a - an uncursed staff of conjuration
 Y - an uncursed staff of energy
Jewellery
 p - a ring of protection from magic (left hand)
 r - a cursed -3 ring of dexterity {unknown}
 V - the ring of Jibary Focey (right hand) {Wiz rF+ Int+2}
   (You bought it in a shop on level 7 of the Dungeon)

   [ring of wizardry]

   It improves your spell success rate.
   It affects your intelligence (+2).
   It protects you from fire.
Wands
 H - a wand of lightning (0/15)
 X - a wand of hasting (4/9)
Scrolls
 b - a scroll of blinking
 C - 2 scrolls of immolation
 I - a scroll of amnesia
 O - 4 scrolls of magic mapping
 S - 3 scrolls of enchant armour
Potions
 e - a potion of agility
 n - 9 potions of heal wounds
 q - 5 potions of lignification
 t - 9 potions of curing
 u - 2 potions of might
 v - a potion of haste {unknown}
 z - 4 potions of brilliance
 E - 3 potions of flight
 F - a potion of invisibility
 G - a potion of ambrosia
 L - 2 potions of cancellation
 M - a potion of resistance
Books
 c - a book of Minor Magic

   Spells                             Type                      Level
   a - Magic Dart                     Conjuration                  1
   b - Blink                          Translocation                2
   c - Call Imp                       Summoning                    2
   d - Repel Missiles                 Charms/Air                   2
   e - Slow                           Hexes                        2
   f - Conjure Flame                  Conjuration/Fire             3
   g - Mephitic Cloud                 Conjuration/Poison/Air       3
 J - a book of Minor Magic

   Spells                             Type                      Level
   a - Magic Dart                     Conjuration                  1
   b - Blink                          Translocation                2
   c - Call Imp                       Summoning                    2
   d - Repel Missiles                 Charms/Air                   2
   e - Slow                           Hexes                        2
   f - Conjure Flame                  Conjuration/Fire             3
   g - Mephitic Cloud                 Conjuration/Poison/Air       3
 P - a book of the Tempests

   Spells                             Type                      Level
   a - Static Discharge               Conjuration/Air              3
   b - Lightning Bolt                 Conjuration/Air              5
   c - Fireball                       Conjuration/Fire             5
   d - Tornado                        Air                          9
   e - Shatter                        Earth                        9
Comestibles
 j - 19 fruits
 o - 8 meat rations
 A - 3 bread rations
 U - 2 slices of pizza


   Skills:
 - Level 6.3 Armour
 * Level 7.6 Dodging
 - Level 1.7 Stealth
 * Level 10.1 Spellcasting
 * Level 10.5 Conjurations
   Level 1.0 Summonings
 - Level 0.8 Translocations


You had 6 spell levels left.
You knew the following spells:

 Your Spells              Type           Power        Failure   Level  Hunger
a - Magic Dart            Conj           ####         1%          1    None
b - Blink                 Tloc           N/A          2%          2    None
c - Repel Missiles        Chrm/Air       ##....       3%          2    None
d - Mephitic Cloud        Conj/Pois/Air  ####....     1%          3    None
e - Conjure Flame         Conj/Fire      #####...     1%          3    None
f - Fireball              Conj/Fire      #####.....   6%          5    ###....
g - Lightning Bolt        Conj/Air       #####.....   6%          5    ###....
h - Regeneration          Chrm/Necr      ##........   4%          3    None


Dungeon Overview and Level Annotations

Branches:
Dungeon (11/15)            Temple (1/1) D:5            Lair (0/8) D:9
    Orc (0/2) D:9

Altars:
Ashenzari
Cheibriados
Dithmenos
Elyvilon
Fedhas
Gozag
Kikubaaqudgha
Makhleb
Nemelex Xobeh
Okawaru
Pakellas
Qazlal
Ru
Sif Muna
Trog
Vehumet
Xom
Yredelemnul
Zin
The Shining One

Shops:
D:5 !   D:7 =   D:10 (


Innate Abilities, Weirdness & Mutations

You are completely covered in molten scales (AC +4, EV -1, rF+).
Your flesh is cold resistant.
You are mostly covered in sharp spines.


Message History

Press: ? - help, Shift-Dir - straight line, f - howler monkey
Aim: a howler monkey Nothing appears to happen.
The purple ugly thing seems to regain its courage.
The howler monkey hoots and howls with incredible vigour!
You hear a shout! x2
Read which item? (? for menu, Esc to quit)
As you read the scroll of fear, it crumbles to dust.
You assume a fearsome visage.
The howler monkey looks frightened!
The purple ugly thing looks frightened!
The howler monkey hoots and howls with incredible vigour!
A puff of frost appears from out of thin air!
The puff of frost hits you! You resist.
A magic dart appears from out of thin air!
The magic dart hits you!
* * * LOW HITPOINT WARNING * * *
A magic dart appears from out of thin air!
The magic dart hits you!
You die...
Your body crumbles into a pile of gold.

#####'## ######.....#
.......###### #..........#
####...#....# #.#........#
####...'....# #.#.....##.#
.......#....# #.#.....# .#
^......###########.##....# #
#...######.................
.........#.##.....#####.....
.........'.##...@.# .....
.........#.##.....#
.....8...#.##.....#
.........#........#
#8..######........#
###.###......######
......#......#
......#......#
..$...#..h...#


There were no monsters in sight!

Vanquished Creatures
  Erica (D:9)
  A hydra (D:10)
  A centaur warrior (D:10)
  Pikel (D:4)
  4 hill giants
  Maurice (D:8)
  A gargoyle (D:11)
  A troll (D:9)
  3 yaks
  A hungry ghost (D:11)
  Grum (D:9)
  Duvessa (D:6)
  An orc warrior (D:11)
  3 sky beasts
  4 ice beasts
  A slave (D:4)
  A wasp (D:10)
  A necrophage (D:7)
  5 ogres
  2 phantoms
  2 wolves (D:9)
  5 centaurs
  2 crocodiles (D:9)
  7 big kobolds
  4 giant frogs
  A gnoll sergeant (D:11)
  A wyvern zombie (D:9)
  Dowan (D:6)
  2 scorpions
  5 wights (D:7)
  3 howler monkeys
  2 crimson imps
  2 giant frog zombies
  A jelly (D:6)
  3 orc priests
  A gnoll shaman (D:6)
  3 hounds
  10 orc wizards
  A centaur skeleton (D:6)
  2 iguanas
  Natasha (thrice) (D:3)
  2 worker ants
  2 sheep (D:10)
  5 big kobold zombies (Ossuary)
  3 hound skeletons
  2 mummies
  2 worker ant zombies
  Robin (D:3)
  18 gnolls
  A howler monkey skeleton (D:7)
  15 adders
  6 river rats
  2 shadow imps (D:9)
  2 oozes
  3 adder skeletons
  2 worms
  4 dart slugs
  9 giant geckos
  22 orcs
  4 spectral bats (Ossuary)
  5 ball pythons
  9 bats
  6 giant cockroaches
  7 gnoll zombies (Ossuary)
  16 goblins
  12 hobgoblins
  7 jackals
  15 kobolds
  4 quokkas
  4 bat simulacra (Ossuary)
  A giant cockroach zombie (D:5)
  4 giant newts
  3 goblin simulacra (Ossuary)
  6 goblin zombies (Ossuary)
  5 hobgoblin zombies (Ossuary)
  3 kobold simulacra (Ossuary)
  A kobold zombie (Ossuary)
  6 orc zombies (Ossuary)
  A quokka skeleton (D:7)
  2 quokka zombies
  24 rats
  4 rat simulacra (Ossuary)
  4 spectral goblins (Ossuary)
  3 spectral kobolds (Ossuary)
  4 spectral rats (Ossuary)
357 creatures vanquished.

Vanquished Creatures (others)
  2 fungi (D:9)
  A plant (D:10)
3 creatures vanquished.

Grand Total: 360 creatures vanquished

Notes
Turn   | Place    | Note
--------------------------------------------------------------
     0 | D:1      | Chiseanne the Demonspawn Wizard began the quest for the Orb.
     0 | D:1      | Reached XP level 1. HP: 13/13 MP: 4/4
   267 | D:1      | Gained mutation: You are partially covered in sharp spines. [demonic ancestry]
   267 | D:1      | Reached XP level 2. HP: 19/19 MP: 0/6
   321 | D:1      | Learned a level 2 spell: Blink
   324 | D:1      | Learned a level 2 spell: Repel Missiles
  1069 | D:2      | Reached XP level 3. HP: 24/24 MP: 7/7
  2004 | D:3      | Noticed Robin
  2009 | D:3      | Gained mutation: Your flesh is cold resistant. [demonic ancestry]
  2009 | D:3      | Reached XP level 4. HP: 26/30 MP: 9/9
  2028 | D:3      | Killed Robin
  2131 | D:3      | Found a bloodstained altar of Trog.
  2131 | D:3      | Found a burning altar of Makhleb.
  2131 | D:3      | Found a radiant altar of Vehumet.
  2131 | D:3      | Found an iron altar of Okawaru.
  2132 | D:3      | Noticed Natasha
  2144 | D:3      | Killed Natasha
  2185 | D:3      | Noticed Natasha
  2191 | D:3      | Killed Natasha
  2191 | D:3      | Gained mutation: You are partially covered in molten scales (AC +1). [demonic ancestry]
  2191 | D:3      | Reached XP level 5. HP: 35/35 MP: 5/10
  2413 | D:3      | Noticed Natasha
  2424 | D:3      | Killed Natasha
  2868 | D:2      | Learned a level 3 spell: Mephitic Cloud
  2881 | D:3      | Reached XP level 6. HP: 39/41 MP: 6/12
  3489 | D:4      | Found a glowing drain.
  3503 | Sewer    | Entered a sewer
  3613 | Sewer    | Reached skill level 1 in Armour
  4217 | Sewer    | Gained mutation: You are mostly covered in sharp spines. [demonic ancestry]
  4217 | Sewer    | Reached XP level 7. HP: 35/46 MP: 1/14
  4487 | D:4      | Found a shattered altar of Ashenzari.
  4625 | D:4      | Reached skill level 5 in Spellcasting
  4866 | D:4      | Noticed Pikel
  4891 | D:4      | Killed Pikel
  4891 | D:4      | Reached skill level 5 in Conjurations
  4891 | D:4      | Gained mutation: You are mostly covered in molten scales (AC +3, EV -1). [demonic ancestry]
  4891 | D:4      | Reached XP level 8. HP: 37/52 MP: 3/16
  5231 | D:4      | Learned a level 3 spell: Conjure Flame
  5267 | D:5      | Entered Level 5 of the Dungeon
  5269 | D:5      | Found a staircase to the Ecumenical Temple.
  5412 | Temple   | Entered the Ecumenical Temple
  5652 | Temple   | Became a worshipper of Gozag Ym Sagoz the Greedy
  5931 | D:5      | Found Japaent's Distillery.
  5943 | D:5      | Bought a potion of flight for 42 gold pieces
  5943 | D:5      | Bought a potion of invisibility for 112 gold pieces
  5943 | D:5      | Bought a potion of degeneration for 14 gold pieces
  6206 | D:5      | Bought a potion of lignification for 42 gold pieces
  6206 | D:5      | Bought a potion of ambrosia for 112 gold pieces
  6577 | D:5      | Found an oddly glowing altar of Pakellas.
  6782 | D:5      | Bought 2 potions of curing for 84 gold pieces
  6962 | D:6      | Reached skill level 5 in Armour
  7187 | D:6      | Got a twisted quarterstaff
  7190 | D:6      | Identified the cursed +1 quarterstaff of Truth {crush, rN++ Int+4} (You found it on level 6 of the Dungeon)
  7191 | D:6      | Found a sand-covered staircase.
  7200 | Ossuary  | Entered an ossuary
  7704 | Ossuary  | Gained mutation: You are completely covered in molten scales (AC +4, EV -1, rF+). [demonic ancestry]
  7704 | Ossuary  | Reached XP level 9. HP: 50/57 MP: 19/19
  7862 | D:6      | Found an iron altar of Okawaru.
  7894 | D:6      | Noticed Duvessa
  7901 | D:6      | Noticed Dowan
  7912 | D:6      | Killed Duvessa
  7918 | D:6      | Killed Dowan
  8978 | D:7      | Learned a level 5 spell: Fireball
  8984 | D:7      | Learned a level 5 spell: Lightning Bolt
  9502 | D:8      | Noticed Maurice
  9519 | D:8      | Killed Maurice
 10118 | D:8      | Reached XP level 10. HP: 63/63 MP: 8/22
 10323 | D:9      | Found a staircase to the Lair.
 10612 | D:9      | Found a staircase to the Orcish Mines.
 10644 | D:9      | Noticed Grum
 10653 | D:9      | Killed Grum
 10656 | D:9      | Reached skill level 5 in Dodging
 11357 | D:9      | Found a snail-covered altar of Cheibriados.
 11367 | D:9      | Found a basalt altar of Yredelemnul.
 11503 | D:7      | Bought the ring of Jibary Focey {Wiz rF+ Int+2} for 723 gold pieces
 11564 | D:10     | Entered Level 10 of the Dungeon
 11612 | D:10     | Learned a level 3 spell: Regeneration
 11626 | D:10     | Noticed a hill giant
 11649 | D:10     | Killed a hill giant
 11688 | D:10     | Noticed Erica
 11758 | D:9      | Killed Erica
 12032 | D:10     | Noticed a hill giant
 12053 | D:10     | Killed a hill giant
 12171 | D:10     | Found Xuirexin's Antique Weapon Shoppe.
 12214 | D:10     | Noticed a centaur warrior
 12220 | D:10     | Killed a centaur warrior
 12220 | D:10     | Reached XP level 11. HP: 41/68 MP: 3/24
 12220 | D:10     | Reached skill level 10 in Conjurations
 12335 | D:10     | Noticed a two-headed hydra
 12345 | D:10     | Killed a two-headed hydra
 13102 | D:11     | Noticed a hill giant
 13118 | D:11     | Killed a hill giant
 13285 | D:11     | Reached skill level 10 in Spellcasting
 13747 | D:11     | Noticed a purple ugly thing
 13760 | D:11     | HP: 3/68 [purple ugly thing (12)]
 13761 | D:11     | Noticed a hill giant
 13779 | D:11     | Killed a hill giant
 13818 | D:11     | Killed from afar by an orc wizard

Vault maps used:
D:1:      dpeg_arrival_simpleton_a
D:3:      grunt_temple_overflow_open, uniq_robin, uniq_natasha
D:4:      portal_sewer_entry_a, first_bread, nicolae_ashenzari_panopticon,
          uniq_pikel
D:5:      serial_shops, shop, grunt_pakellas_mercury
D:6:      gup_ossuary_entry_pyramid, okawaru_trees_2, uniq_duvessa
D:7:      kennysheep_six_static_rooms
D:8:      uniq_maurice
D:9:      amethyst_overflow_temple_binary, due_lair_maze_entry_diamond,
          uniq_grum
D:10:     serial_shops, nicolae_shop_stone, hangedman_ranch, uniq_erica
D:11:     serial_column_ruins, column_ruins_circle_small,
          column_ruins_open_tiny, column_ruins_open_small_water,
          column_ruins_open_large, column_ruins_open_tiny,
          column_ruins_corridor_corner
Temple:   chambers_temple_14
Sewer:    sewer_minmay_treatment
Ossuary:  ossuary_zaba_two_paths

Skill      XL: |  1  2  3  4  5  6  7  8  9 10 11 |
---------------+----------------------------------+-----
Dodging        | 2 3 4 6 7 |  7.6
Conjurations   | 2 3 4 5 6 8 9 10 | 10.5
Spellcasting   | 4 5 6 8 9 10 | 10.1
Armour         | 2 3 5 6 |  6.3
Stealth        | |  1.7
Summonings     | |  1.0
Translocations | |  0.8

Action                   |  1- 3 |  4- 6 |  7- 9 | 10-12 || total
-------------------------+-------+-------+-------+-------++-------
Melee: Unarmed           |     1 |       |       |       ||     1
       Dagger            |    44 |    60 |    36 |    40 ||   180
       Staff             |       |     1 |    11 |    16 ||    28
       Quarterstaff      |       |       |   149 |   112 ||   261
 Fire: Blowgun           |       |       |       |    11 ||    11
Throw: Tomahawk          |       |       |       |     3 ||     3
 Cast: Magic Dart        |    28 |   108 |   226 |   189 ||   551
       Mephitic Cloud    |       |     1 |    10 |    15 ||    26
       Conjure Flame     |       |       |     3 |     4 ||     7
       Repel Missiles    |       |       |     1 |       ||     1
       Fireball          |       |       |       |     3 ||     3
       Lightning Bolt    |       |       |       |     2 ||     2
Invok: Call Merchant     |       |       |     1 |       ||     1
Evoke: Wand              |       |       |       |     7 ||     7
  Use: Scroll            |       |     9 |    11 |     3 ||    23
       Potion            |       |       |       |     5 ||     5
 Stab: Sleeping          |     2 |     1 |     5 |       ||     8
       Confused          |       |     2 |     2 |     3 ||     7
  Eat: Chunk             |     3 |     7 |     4 |       ||    14
       Bread ration      |       |       |     3 |     1 ||     4
       Pizza             |       |       |     1 |     5 ||     6
       Royal jelly       |       |       |     1 |       ||     1
       Beef jerky        |       |       |       |     1 ||     1
